 Dungeon Sprint DCSS version 0.26.1-2-gb8aa6d0cf2 (webtiles) character file.

Game seed: 13971298096092354760

1390 Groucho the Fighter (level 8, -2/78 HPs)
             Began as a Demigod Gladiator on Feb 15, 2021.
             Killed from afar by a deep elf knight (24 damage)
             ... with a stone arrow
             ... in the Dungeon (Sprint V: "Ziggurat Sprint").
             The game lasted 00:04:35 (409 turns).

Groucho the Fighter (Demigod Gladiator)              Turns: 409, Time: 00:04:36

Health: -2/78      AC: 30    Str: 25    XL:     8   Next: 17%
Magic:  10/10      EV:  3    Int: 12    God:
Gold:   0          SH: 31    Dex: 25    Spells: 7/7 levels left

rFire    . . .     SeeInvis +   J - +14 obsidian axe {vorpal, +Fly SInv *Curse} (curse)
rCold    . . .     Faith    .   L - +18 shield of the Gong {rElec rN+ Will+ EV-5}
rNeg     + . .     Spirit   .   K - +15 Maxwell's patent armour {-Cast -Tele rElec Will+ rCorr}
rPois    .         Reflect  .   c - +0 helmet
rElec    +         Harm     .   (no cloak)
rCorr    +         Rampage  .   (no gloves)
Will     ++...     NoTele   +   (no boots) Stlth ..........NoCast +
                                (no amulet)
HPRegen  0.23/turn              C - +6 ring of strength
MPRegen  0.12/turn              y - +6 ring of dexterity

@: mesmerised, studying Fighting
A: high mp 1
a: Evoke Flight


You were in the Dungeon.
You visited 1 branch

Inventory:

Hand Weapons
 G - the +6 Majin-Bo {vamp, MP+6 Int+6}
   (You found it in the Dungeon)

   It inflicts no extra harm, but heals its wielder when it wounds a living foe.
   It affects your intelligence (+6).
   It affects your magic capacity (+6).
 H - the +10 dark maul {vorpal}
   (You found it in the Dungeon)

   It inflicts extra damage upon your enemies.
 I - the +9 heavy crossbow "Sniper" {vorpal, Acc+∞ SInv}
   (You found it in the Dungeon)

   Any bolt fired from it inflicts extra damage.
   It lets you see invisible.
 J - the cursed +14 obsidian axe (weapon) {vorpal, +Fly SInv *Curse}
   (You found it in the Dungeon)

   It inflicts extra damage upon your enemies.
   It lets you see invisible.
   It lets you fly.
   It curses itself when equipped.
   It has a curse placed upon it.
 M - the +7 Singing Sword {vorpal, sonic wave}
   (You found it in the Dungeon)

   It inflicts extra damage upon your enemies.
 N - the +7 great mace "Firestarter" {inner flame, rF++}
   (You found it in the Dungeon)

   It has been specially enchanted to burn those struck by it, causing extra
   injury to most foes and up to half again as much damage against particularly
   susceptible opponents.
   It greatly protects you from fire.
 O - the +8 lance "Wyrmbane" {slay drac, rPois rF+ rC+ AC+3}
   (You found it in the Dungeon)

   It affects your AC (+3).
   It protects you from fire.
   It protects you from cold.
   It protects you from poison.
 P - the +7 mace of Variability {chain chaos}
   (You found it in the Dungeon)

   Each time it hits an enemy it has a different, random effect.
 Q - the cursed +13 scythe of Curses {drain, *Curse}
   (You found it in the Dungeon)

   A truly terrible weapon, it drains the life of those it strikes.
   It curses itself when equipped.
   It has a curse placed upon it.
 R - the +6 shillelagh "Devastator" {shatter}
   (You found it in the Dungeon)
 S - the +8 storm bow {elec, penet}
   (You found it in the Dungeon)

   It charges the ammunition it shoots with electricity; occasionally upon a
   hit, such missiles may discharge and cause terrible harm.
   Ammo fired by it passes through the targets it hits, potentially hitting all
   targets in its path until it reaches maximum range.
 T - the +5 sword of Power {vorpal}
   (You found it in the Dungeon)

   It inflicts extra damage upon your enemies.
 U - the +9 sword of Zonguldrok {reap}
   (You found it in the Dungeon)

   If a monster killed with it leaves a corpse in good enough shape, the corpse
   is reanimated as a zombie friendly to the killer.
Missiles
 d - 3 throwing nets (quivered)
 E - 1000 arrows
 F - 1000 bolts
Armour
 a - +5 gold dragon scales
 c - a +0 helmet (worn)
 K - the +15 Maxwell's patent armour (worn) {-Cast -Tele rElec Will+ rCorr}
   (You found it in the Dungeon)

   It insulates you from electricity.
   It affects your willpower, your defense against some magical effects.
   It prevents spellcasting.
   It prevents most forms of teleportation.
   It provides partial protection from all sources of acid and corrosion.
 L - the +18 shield of the Gong (worn) {rElec rN+ Will+ EV-5}
   (You found it in the Dungeon)

   It affects your evasion (-5).
   It insulates you from electricity.
   It protects you from negative energy.
   It affects your willpower, your defense against some magical effects.
Jewellery
 x - an uncursed ring of flight
 y - a +6 ring of dexterity (right hand)
 z - a +6 ring of dexterity
 A - a +6 ring of intelligence
 B - a +6 ring of intelligence
 C - a +6 ring of strength (left hand)
 D - a +6 ring of strength
 V - an uncursed amulet of magic regeneration
Wands
 u - a wand of disintegration (7)
 v - a wand of iceblast (2)
 w - a wand of acid (7)
Scrolls
 j - 4 scrolls of blinking
 o - 4 scrolls of amnesia
 p - 7 scrolls of fog
 q - a scroll of holy word
 r - 5 scrolls of identify
 s - 5 scrolls of remove curse
 t - 2 scrolls of fear
Potions
 b - 2 potions of brilliance
 e - 10 potions of curing
 f - 8 potions of heal wounds
 g - 6 potions of haste
 h - 7 potions of magic
 i - 2 potions of berserk rage
 k - 2 potions of invisibility
 l - 4 potions of resistance
 n - 5 potions of might
Books
 m - a manual of Fighting


   Skills:
 + Level 9.5 Fighting
 + Level 9.2 Axes
 - Level 1.7 Throwing
 + Level 8.7 Armour
 - Level 2.6 Dodging
 + Level 8.7 Shields


You had 7 spell levels left.
You didn't know any spells.
Your spell library was empty.

Dungeon Overview and Level Annotations

Branches:
Dungeon (1/1)

Annotations:
D 1 transporter


Innate Abilities, Weirdness & Mutations

You have an increased reservoir of magic. (+10% MP)


Message History

The iceblast engulfs the deep elf mage!!
The deep elf mage is heavily wounded.
The iceblast engulfs the deep elf knight!
The deep elf knight is severely wounded.
The deep elf knight casts a spell at you.
You block the stone arrow.
GONNNNG!
Unknown command.
Unknown command.
You slash the fire elemental!
The fire elemental is severely damaged.
Your Maxwell's patent armour prevents you from hitting the deep elf mage.
The deep elf mage gestures at you while chanting.
The bolt of fire hits you!!
* * * LOW HITPOINT WARNING * * *
You block the fire elemental's attack.
GONNNNG!
The deep elf knight casts a spell at you.
The stone arrow hits you!!
You die...

▓..©..▓..©..▓▓▓▓▓▓▓
▓▓▓▓▓▓▓▓▓▓▓▓▓▓
▓..8©8...▓
▓..}"}...▓
▓☼..}....▓
▓.☼e.....▓
..Ee....▓
▓.▓eEe.▓.▓
▓...@....▓
▓▓▓▓▓▓▓▓▓▓


You could see a deep elf archer (repels missiles), a deep elf knight (fast), 2
deep elf magi and 2 fire elementals.

Vanquished Creatures
  A two-headed ogre (D)
  A cyclops (D)
  A spriggan (D)
  A black bear (D)
  A phantom (D)
  A wolf (D)
  An adder zombie (D)
  A giant cockroach zombie (D)
  A leopard gecko skeleton (D)
9 creatures vanquished.

Notes
Turn   | Place    | Note
-------+----------+-------------------------------------------
     0 | D        | Groucho the Demigod Gladiator began the quest for the Orb.
     0 | D        | Reached XP level 1. HP: 17/17 MP: 3/3
    12 | D        | Found a shimmering blue altar of Sif Muna.
    12 | D        | Found a bloodstained altar of Trog.
    12 | D        | Found a sacrificial altar of Ru.
    12 | D        | Found a stormy altar of Qazlal.
    12 | D        | Found an iron altar of Okawaru.
    13 | D        | Found a sparkling altar of Nemelex Xobeh.
    13 | D        | Found a blossoming altar of Fedhas.
    14 | D        | Found the +6 Majin-Bo {vamp, MP+6 Int+6}
    14 | D        | Found the +9 heavy crossbow "Sniper" {vorpal, Acc+∞ SInv}
    14 | D        | Found the +10 dark maul {vorpal}
    14 | D        | Found the +15 Maxwell's patent armour {-Cast -Tele rElec
                  | Will+ rCorr}
    14 | D        | Found the +18 shield of the Gong {rElec rN+ Will+ EV-5}
    14 | D        | Found the cursed +14 obsidian axe {vorpal, +Fly SInv
                  | *Curse}
    14 | D        | Found the +7 great mace "Firestarter" {inner flame, rF++}
    14 | D        | Found the +6 shillelagh "Devastator" {shatter}
    14 | D        | Found the +11 plutonium sword {*Contam Stlth-}
    14 | D        | Found the +8 lance "Wyrmbane" {slay drac, rPois rF+ rC+
                  | AC+3}
    14 | D        | Found the +9 sword of Zonguldrok {reap}
    14 | D        | Found the cursed +13 scythe of Curses {drain, *Curse}
    14 | D        | Found the +5 sword of Power {vorpal}
    14 | D        | Found the +7 mace of Variability {chain chaos}
    14 | D        | Found the +7 Singing Sword {vorpal, sonic wave}
    14 | D        | Found the +8 storm bow {elec, penet}
    15 | D        | Found a transporter.
    15 | D        | Found an ancient bone altar of Kikubaaqudgha.
    15 | D        | Found a viscous altar of Jiyva.
    15 | D        | Found a corrupted altar of Lugonu.
    15 | D        | Found a hazy altar of Hepliaklqana.
    15 | D        | Found a burning altar of Makhleb.
    15 | D        | Found an opulent altar of Gozag.
    74 | D        | Reached XP level 2. HP: 27/27 MP: 4/4
    77 | D        | Entered arena 2.
    77 | D        | Noticed a cyclops
    77 | D        | Noticed a two-headed ogre
    77 | D        | Found a transporter.
    83 | D        | Killed a two-headed ogre
    84 | D        | Reached XP level 3. HP: 31/39 MP: 5/5
    84 | D        | Reached XP level 4. HP: 38/47 MP: 6/6
    84 | D        | Reached XP level 5. HP: 42/52 MP: 7/7
    84 | D        | Reached XP level 6. HP: 48/60 MP: 8/8
    84 | D        | Reached XP level 7. HP: 53/66 MP: 9/9
    84 | D        | Killed a cyclops
   374 | D        | Entered arena 3.
   374 | D        | Noticed a spriggan
   374 | D        | Found a transporter.
   383 | D        | Killed a spriggan
   384 | D        | Reached XP level 8. HP: 78/78 MP: 10/10
   390 | D        | Entered arena 4.
   390 | D        | Found a transporter.
   402 | D        | Got the ring "Jiohuidgh" {Ice rPois Str+5 Int-2}
   405 | D        | Entered arena 5.
   405 | D        | Noticed a deep elf archer
   405 | D        | Noticed a deep elf mage
   405 | D        | Noticed a deep elf knight
   405 | D        | Noticed a deep elf mage
   405 | D        | Found a transporter.
   409 | D        | Killed from afar by a deep elf knight

Illustrated notes

Levels and vault maps discovered:
D:        sprint_v [room_start, room_1, room_2, room_3, room_4, room_5, room_6,
          room_7, room_8, room_9, room_10, room_11, room_12, room_13, room_14,
          room_15, room_16, room_17, room_18, room_19, room_20, room_21,
          room_22, room_23, room_24, room_25, room_26, room_27]

Skill      XL: |  1  2  3  4  5  6  7 |
---------------+----------------------+-----
Fighting       | 3 7 9 |  9.5
Axes           | 4 7 9 |  9.2
Armour         | 3 7 8 |  8.7
Shields        | 3 7 8 |  8.7
Throwing       | |  1.7
Dodging        | |  2.6

Action                   |  1- 3 |  4- 6 |  7- 9 || total
-------------------------+-------+-------+-------++-------
Melee: Broad axe         |     2 |       |    13 ||    15
Evoke: Wand              |     1 |       |     4 ||     5
  Use: Potion            |     4 |       |       ||     4
Armor: Plate armour      |       |       |     9 ||     9
Block: Kite shield       |     5 |       |    19 ||    24
